 Dungeon Crawl Stone Soup version 0.31-a0-848-gaac375c287 (webtiles) character file.

Game seed: 10490944066366339869

1372 Kurtz the Covert (level 8, -3/36 HPs)
             Began as a Felid Delver on Oct 4, 2023.
             Was a Believer of Dithmenos.
             Succumbed to an orc warrior's poison
             ... on level 6 of the Dungeon.
             The game lasted 00:12:48 (7827 turns).

Kurtz the Covert (Felid Delver)                     Turns: 7827, Time: 00:12:48

Health: -3/36      AC:  2    Str: 10    XL:     8   Next: 38%
Magic:  2/9        EV: 21    Int: 12    God:    Dithmenos [**....]
Gold:   145        SH:  0    Dex: 17    Spells: 7/7 levels left
                                        Lives:  0   Deaths: 3

rFire   . .          .
                       - Unarmed
rCold   . . .        (shield unavailable)
rNeg    . . .        (body armour unavailable)
rPois   .            (helmet unavailable)
rElec   .            (cloak unavailable)
rCorr   .            (gloves unavailable)
SInv    +            (boots unavailable)
Will    +....        u - amulet of guardian spirit
Stlth   +++++        (no ring)
HPRegen 0.26/turn    (no ring)
MPRegen 0.11/turn

%: guardian spirit
@: lethally poisoned (-3 -> -36), wreathed by umbra, quick
A: very small, claws 1, fangs 3, see invisible, speed 1, shaggy fur 2, stealthy
paws, no weapons or thrown items, no armour, multi-lived
a: Renounce Religion, Shadow Step


You were on level 6 of the Dungeon.
You worshipped Dithmenos.
Dithmenos was pleased with you.
You visited 2 branches of the dungeon, and saw 8 of its levels.

You collected 288 gold pieces.
You spent 143 gold pieces at shops.

Inventory:

Jewellery
 u - an amulet of guardian spirit (around neck)
Wands
 e - a wand of digging (3)
Scrolls
 a - a scroll of fog
 b - 2 scrolls of revelation
 f - a scroll of blinking {unknown}
 h - a scroll of noise {unknown}
 i - a scroll of identify
 k - 4 scrolls of teleportation {unknown}
 l - a scroll of brand weapon {unknown}
 o - a scroll of butterflies {unknown}
 q - a scroll of enchant weapon {unknown}
 s - a scroll of immolation {unknown}
 t - a scroll of poison {unknown}
Potions
 c - 2 potions of curing
 d - 2 potions of haste
 g - 2 potions of magic
 j - 2 potions of brilliance
 m - a potion of heal wounds
 n - 2 potions of ambrosia
 p - a potion of attraction
 r - a potion of mutation
 v - 2 potions of degeneration {unknown}
 w - a potion of berserk rage {unknown}


   Skills:
 * Level 4.3 Fighting
 - Level 7.5 Dodging
 - Level 8.1 Stealth
 * Level 7.7 Unarmed Combat
 - Level 0.6 Invocations
 - Level 0.2 Evocations


You had 7 spell levels left.
You didn't know any spells.
Your spell library contained the following spells:

 Spells                   Type           Power      Damage    Failure   Level
 Magic Dart               Conj           0%         1d3       32%         1
 Ensorcelled Hibernation  Hex/Ice        0%         N/A       45%         2
 Jinxbite                 Hex            0%         N/A       45%         2
 Poisonous Vapours        Pois/Air       0%         N/A       45%         2
 Searing Ray              Conj           0%         2d4       45%         2
 Mephitic Cloud           Conj/Pois/Air  0%         N/A       69%         3
 Anguish                  Hex/Necr       0%         N/A       97%         4
 Fulminant Prism          Conj/Hex       0%         3d5       97%         4
 Freezing Cloud           Conj/Ice/Air   0%         6-21      100%        5


Dungeon Overview and Level Annotations

Branches:
Dungeon (7/15)             Temple (1/1) D:5

Altars:
Ashenzari
Cheibriados
Dithmenos
Elyvilon
Fedhas
Gozag
Hepliaklqana
Kikubaaqudgha
Nemelex Xobeh
Okawaru
Ru
Sif Muna
Trog
Uskayaw
Yredelemnul
Zin

Shops:
D:2 =   D:5 [(:!

Annotations:
D:2 1 runed translucent door, Crazy Yiuf
D:3 Pikel
D:6 Sigmund
D:7 exclusions: bullfrog and orc priest


Innate Abilities, Weirdness & Mutations

You have sharp claws.
You have razor-sharp teeth.
You have supernaturally acute eyesight. (SInv)
You cover ground quickly. (Speed+)
You are covered in thick fur. (AC +2)
Your paws help you pounce on unaware monsters.
You are incapable of wielding weapons or throwing items.
You cannot wear armour.
You gain extra lives every three experience levels.


Message History

The orc is moderately wounded.
The shadow imp grinds its teeth.
The orc hits you with a +0 club.
You barely miss the orc.
The orc is moderately wounded.
You barely miss the orc.
The orc is moderately wounded.
The orc warrior barely misses you.
You closely miss the orc. You claw the orc, but do no damage.
The orc is moderately wounded.
The orc misses you. The orc warrior completely misses you.
You claw the orc!
You kill the orc!
Dithmenos accepts your kill.
The shadow imp shouts, "Escape, thou surly clapper-clawed clack-dish!"
The orc warrior misses you.
You claw the orc warrior! Your bite misses the orc warrior.
The orc warrior is moderately wounded.
The orc warrior complains loudly.
The orc warrior hits you with a +0 glaive of venom!
You are poisoned.
You scratch the orc warrior.
The orc warrior is heavily wounded.
You feel sick.
The orc warrior hits you with a +0 glaive of venom!
You are lethally poisoned!
You are too injured to fight recklessly!
You are too injured to fight recklessly!
You scratch the orc warrior.
You bite the orc warrior, but do no damage.
The orc warrior is heavily wounded.
* * * LOW HITPOINT WARNING * * *
You feel very sick.
The orc warrior hits you with a +0 glaive of venom.
* * * LOW HITPOINT WARNING * * *
You are more poisoned.
Unknown command.
You closely miss the orc warrior. Your claw misses the orc warrior.
The orc warrior is heavily wounded.
You die...

##.......
#.......## ........
......# #.[..#
#.5.# #o##
##o###### #.#@)...#
#.##.....#
#.###.....## #.#
#.# #.......#
####.### #.
#.......# #......#
# #.......#
#.##.#.#
#.#...#####.##.#.#
#..............#.#
#..#.#.#.#.#.#.#.##


You could see an orc warrior, a shadow imp and an orc.

Vanquished Creatures
  Eustachio (D:5)
  A water moccasin (Temple)
  An orc warrior (D:4)
  A black bear (D:6)
  An ice beast (D:7)
  4 lemures (D:4)
  A bullfrog (D:7)
  2 jellies
  6 orc priests
  Natasha (thrice) (D:3)
  5 orc wizards
  An iguana (D:4)
  Terence (D:2)
  Robin (D:3)
  10 gnolls
  6 adders
  A white imp (D:6)
  3 worms (D:2)
  18 orcs
  3 bats
  8 endoplasms
  4 giant cockroaches
  13 goblins
  8 hobgoblins
  10 jackals
  3 quokkas
  9 ball pythons
  2 frilled lizards
  3 kobolds
  3 rats
133 creatures vanquished.

Notes
Turn   | Place    | Note
-------+----------+-------------------------------------------
     0 | D:5      | Kurtz the Felid Delver began the quest for the Orb.
     0 | D:5      | Reached XP level 1. HP: 10/10 MP: 2/2
    13 | D:5      | Noticed an orc priest
    50 | D:5      | Found Yryog's Antique Weapon Shoppe.
    53 | D:5      | Noticed an orc priest
    60 | D:5      | Found Noumm's Armour Shoppe.
    70 | D:3      | Noticed Natasha
    74 | D:3      | Killed Natasha
    75 | D:3      | Reached XP level 2. HP: 14/14 MP: 3/3
    75 | D:3      | Reached XP level 3. HP: 17/17 MP: 4/4
   300 | D:2      | Slain by a worm
   816 | D:1      | Reached skill level 7 in Stealth
  1530 | D:2      | Reached XP level 4. HP: 21/21 MP: 5/5
  2175 | D:2      | Noticed Terence
  2188 | D:2      | Killed Terence
  2191 | D:2      | Reached XP level 5. HP: 22/24 MP: 6/6
  2215 | D:2      | Found Qyfiokam's Jewellery Boutique.
  2272 | D:2      | Found a runed translucent door.
  2273 | D:2      | Noticed Crazy Yiuf
  2491 | D:3      | Found a faded altar of an unknown god.
  2559 | D:3      | Prayed at the altar of an unknown god.
  2559 | D:3      | Became a worshipper of Dithmenos the Shadowed
  2559 | D:3      | Reached * piety under Dithmenos
  3014 | D:3      | Noticed Robin
  3035 | D:3      | Killed Robin
  3096 | D:3      | Gained mutation: You are covered in thick fur. (AC +2)
                  | [Felid growth]
  3096 | D:3      | Reached XP level 6. HP: 25/28 MP: 7/7
  3143 | D:3      | Reached ** piety under Dithmenos
  3301 | D:3      | Noticed Natasha
  3322 | D:3      | Killed Natasha
  3323 | D:3      | Reached skill level 5 in Unarmed Combat
  3483 | D:3      | Noticed Natasha
  3888 | D:3      | Killed Natasha
  4576 | D:4      | Noticed Pikel
  4898 | D:5      | Noticed an orc warrior
  5780 | D:5      | Reached XP level 7. HP: 8/31 MP: 8/8
  5963 | D:5      | Found a staircase to the Ecumenical Temple.
  5974 | Temple   | Entered the Ecumenical Temple
  5988 | Temple   | Reached skill level 5 in Dodging
  6047 | D:5      | Found a snail-covered altar of Cheibriados.
  6048 | D:5      | Found an iron altar of Okawaru.
  6048 | D:5      | Found a sparkling altar of Nemelex Xobeh.
  6386 | D:5      | Found a hazy altar of Hepliaklqana.
  6578 | D:5      | Found Cojiest's Distillery.
  6587 | D:5      | Bought a potion of curing for 39 gold pieces
  6587 | D:5      | Bought a potion of mutation for 104 gold pieces
  6907 | D:6      | Noticed Eustachio
  6929 | D:6      | Noticed Sigmund
  7094 | D:7      | Reached XP level 8. HP: 28/36 MP: 9/9
  7614 | D:4      | Slain by an orc warrior
  7685 | D:5      | Slain by Eustachio
  7720 | D:5      | Killed Eustachio
  7721 | D:5      | Reached skill level 8 in Stealth
  7827 | D:6      | Succumbed to an orc warrior's poison

Illustrated notes

Levels and vault maps discovered:
D:1:      dpeg_arrival_court, layout_basic, minmay_tetromino_o2
D:2:      layout_basic, serial_shops, shop, uniq_terence,
          uniq_crazy_yiuf_cottage
D:3:      layout_basic, basic_ecumenical_altar, uniq_natasha, uniq_robin
D:4:      layout_basic, uniq_pikel
D:5:      layout_cave_pools, chequers_temple_overflow_statue_of_worship,
          minmay_temple_entry_crystal_x, serial_shops, nicolae_shop_peninsula,
          shop, nicolae_lakefront_shop, shop
D:6:      layout_loops_cross, minmay_misc_feat_pillars,
          minmay_fractal_squares_gapless_5, uniq_sigmund, uniq_eustachio,
          uniq_maggie
D:7:      layout_basic, tso_altar, grunt_decor_arrowhead
Temple:   nicolae_temple_no_exploring_needed

Skill      XL: |  1  2  3  4  5  6  7  8 |
---------------+-------------------------+-----
Dodging        | 3 4 6 7 |  7.5
Unarmed Combat | 3 4 6 7 |  7.7
Stealth        | 7 8 |  8.1
Fighting       | 4 |  4.3
Invocations    | |  0.6
Evocations     | |  0.2

Action                     |  1- 3 |  4- 6 |  7- 9 || total
---------------------------+-------+-------+-------++-------
  Melee: Unarmed           |    85 |   261 |   190 ||   536
         Bite              |     8 |    23 |    23 ||    54
         Punch             |     4 |     9 |    11 ||    24
 Invoke: Shadow Step       |       |       |     3 ||     3
  Evoke: Wand              |       |       |     3 ||     3
    Use: Scroll            |       |     5 |       ||     5
         Potion            |       |     1 |     1 ||     2
   Stab: Sleeping          |    11 |    13 |     2 ||    26
         Distracted        |       |       |     1 ||     1
 Armour: Skin              |    16 |    67 |    75 ||   158
  Dodge: Dodged            |    66 |   167 |   234 ||   467

Table legend: (Time is in decaauts)
 A = Elapsed time spent in this place.
 B = Non-inter-level travel time spent in this place.
 C = Inter-level travel time spent in this place.
 D = Time resting spent in this place.
 E = Time spent auto-exploring this place.
 F = Levels seen in this place.
 G = Mean time per level.
                   A        B        C        D        E       F      G
               +--------+--------+--------+--------+--------+-----+--------+
         Total |   6842 |   6451 |    391 |   2138 |   2709 |   8 |  855.2 |
       Dungeon |   6510 |   6119 |    391 |   1866 |   2709 |   7 |  930.0 |
        Temple |    332 |    332 |      0 |    272 |      0 |   1 |  332.0 |
               +--------+--------+--------+--------+--------+-----+--------+

Top non-repeatable levels by time:
     D:3: 1626 daAuts
     D:4: 1607 daAuts
     D:2: 1202 daAuts
     D:5: 957 daAuts
     D:1: 643 daAuts
  Temple: 332 daAuts
     D:7: 252 daAuts
     D:6: 221 daAuts
